 Dungeon Crawl Stone Soup version 0.24-a0-280-g7cec4da (webtiles) character file.

Game seed: 8376261692946479468

303634 silenth the Slayer (level 20, -6/200 HPs)
             Began as a Minotaur Fighter on May 12, 2019.
             Was the Champion of Wu Jian.
             Killed from afar by a deep elf sorcerer (29 damage)
             ... with damnation
             ... on level 3 of the Elven Halls.
             The game lasted 01:17:08 (45397 turns).

silenth the Slayer (Minotaur Fighter)              Turns: 45397, Time: 01:17:09

Health: -6/200     AC: 35    Str: 25    XL:     20   Next: 24%
Magic:  0/27       EV: 20    Int:  7    God:    Wu Jian [******]
Gold:   1271       SH: 15    Dex: 13    Spells: 19/19 levels left

rFire    + + .     SeeInvis .   a - +1 demon whip
rCold    + . .     Gourm    .   R - +2 shield of Resistance {rF+ rC+ MR+}
rNeg     . . .     Faith    .   I - +0 plate armour
rPois    +         Spirit   +   W - +2 hat
rElec    .         Reflect  .   F - +1 cloak
rCorr    .         Harm     .   V - +3 pair of gloves of Ru's Castigation {Slay+2 Stlth+}
MR       +++++                  A - +2 pair of boots {Fly}
Stlth    ..........             c - amulet of guardian spirit
HPRegen  0.43/turn              U - +4 ring of evasion
MPRegen  0.20/turn              m - ring "Dacirim" {rPois MR+++}

@: flying, very slightly contaminated
A: retaliatory headbutt, hooves 1, horns 2, slimy green scales 1, clever 1, fire
resistance 1, sense surroundings 1, weak 1
}: 2/15 runes: decaying, serpentine
a: Wall Jump, Serpent's Lash, Heavenly Storm, Renounce Religion, Stop Flying


You were on level 3 of the Elven Halls.
You worshipped Wu Jian.
Wu Jian was exalted by your worship.
You were hungry.

You visited 8 branches of the dungeon, and saw 36 of its levels.
You also visited: Bailey and Ice Cave.

You collected 4332 gold pieces.
You spent 3061 gold pieces at shops.

Inventory:

Hand Weapons
 a - a +1 demon whip (weapon)
Missiles
 b - 36 tomahawks (quivered)
 h - 3 throwing nets
Armour
 A - a +2 pair of boots of flying (worn)
 F - a +1 cloak (worn)
 I - a +0 plate armour (worn)
 R - the +2 shield of Resistance (worn) {rF+ rC+ MR+}
   (You found it on level 4 of the Snake Pit)

   It protects you from fire.
   It protects you from cold.
   It affects your resistance to hostile enchantments.
 V - the +3 pair of gloves of Ru's Castigation (worn) {Slay+2 Stlth+}
   (You bought it in a shop on level 1 of the Orcish Mines)

   It affects your accuracy and damage with ranged weapons and melee attacks
   (+2).
   It makes you more stealthy.
 W - a +2 hat (worn)
Jewellery
 c - an amulet of guardian spirit (around neck)
 l - an uncursed ring of positive energy
 m - the ring "Dacirim" (right hand) {rPois MR+++}
   (You found it on level 2 of the Lair of Beasts)

   [ring of poison resistance]

   It protects you from poison.
   It affects your resistance to hostile enchantments.
 x - an uncursed ring of see invisible
 K - an uncursed ring of protection from fire
 U - a +4 ring of evasion (left hand)
Wands
 n - a wand of digging (22)
 s - a wand of flame (89)
 t - a wand of iceblast (15)
 B - a wand of clouds (3)
 D - a wand of enslavement (20)
 H - a wand of acid (3)
 L - a wand of paralysis (25)
 M - a wand of scattershot (5)
 P - a wand of disintegration (25)
Scrolls
 i - 13 scrolls of identify
 r - 15 scrolls of remove curse
 v - 2 scrolls of immolation
 w - a scroll of magic mapping
 y - 5 scrolls of teleportation
 N - 4 scrolls of fog
 S - 4 scrolls of fear
 T - a scroll of blinking
Potions
 d - 4 potions of might
 f - 11 potions of lignification
 g - 15 potions of curing
 j - 4 potions of invisibility
 k - 2 potions of agility
 p - a potion of berserk rage
 q - a potion of ambrosia
 u - 3 potions of mutation
 z - 9 potions of haste
 G - 2 potions of magic
 O - 2 potions of cancellation
Miscellaneous
 C - a phial of floods (inert)
 E - a lightning rod (4/4)
 J - a lamp of fire
 Q - a sack of spiders
 Y - a phantom mirror
Comestibles
 e - 25 rations


   Skills:
 + Level 21.8 Fighting
 - Level 14.0 Maces & Flails
 - Level 5.0 Throwing
 + Level 20.4 Armour
 + Level 17.5 Dodging
 * Level 12.6 Shields
 + Level 11.9 Evocations


You had 19 spell levels left.
You didn't know any spells.
Your spell library contained the following spells:

 Spells                   Type           Power        Failure   Level  Hunger
 Animate Skeleton         Necr           N/A          97%         1    ##.....
 Beastly Appendage        Tmut           #.....       97%         1    ##.....
 Corona                   Hex            #......      97%         1    ##.....
 Freeze                   Ice            #...         97%         1    ##.....
 Magic Dart               Conj           #...         97%         1    ##.....
 Pain                     Necr           #...         97%         1    ##.....
 Sandblast                Erth           #.....       97%         1    ##.....
 Blink                    Tloc           N/A          99%         2    ###....
 Ensorcelled Hibernation  Hex/Ice        #.....       99%         2    ###....
 Passwall                 Tmut/Erth      #.......     99%         2    ###....
 Poisonous Vapours        Pois/Air       #.....       99%         2    ###....
 Searing Ray              Conj           #.....       99%         2    ###....
 Shroud of Golubria       Chrm/Tloc      #.........   99%         2    ###....
 Slow                     Hex            #.......     99%         2    ###....
 Sticks to Snakes         Tmut           #.......     99%         2    ###....
 Sublimation of Blood     Necr           #.........   99%         2    ###....
 Throw Flame              Conj/Fire      #.....       99%         2    ###....
 Throw Frost              Conj/Ice       #.....       99%         2    ###....
 Confuse                  Hex            #.......     100%        3    ####...
 Conjure Flame            Conj/Fire      #.......     100%        3    ####...
 Dazzling Spray           Conj/Hex       #.....       100%        3    ####...
 Gell's Gravitas          Tloc           #.........   100%        3    ####...
 Ignite Poison            Fire/Tmut/Pois #.......     100%        3    ####...
 Inner Flame              Hex/Fire       #.......     100%        3    ####...
 Lesser Beckoning         Tloc           #.........   100%        3    ####...
 Mephitic Cloud           Conj/Pois/Air  #.......     100%        3    ####...
 Ozocubu's Armour         Chrm/Ice       #.......     100%        3    ####...
 Portal Projectile        Hex/Tloc       #.....       100%        3    ####...
 Regeneration             Chrm/Necr      #.........   100%        3    ####...
 Spider Form              Tmut/Pois      #.........   100%        3    ####...
 Static Discharge         Conj/Air       #.......     100%        3    ####...
 Stone Arrow              Conj/Erth      #.....       100%        3    ####...
 Teleport Other           Tloc           #.......     100%        3    ####...
 Tukima's Dance           Hex            #.......     100%        3    ####...
 Vampiric Draining        Necr           #.........   100%        3    ####...
 Animate Dead             Necr           N/A          100%        4    #####..
 Cause Fear               Hex            #.........   100%        4    #####..
 Force Lance              Conj/Tloc      #.......     100%        4    #####..
 Fulminant Prism          Conj/Hex       #.........   100%        4    #####..
 Ice Form                 Ice/Tmut       #.......     100%        4    #####..
 Iskenderun's Mystic Bla  Conj           #.......     100%        4    #####..
 Leda's Liquefaction      Hex/Erth       #.........   100%        4    #####..
 Passage of Golubria      Tloc           N/A          100%        4    #####..
 Petrify                  Tmut/Erth      #.......     100%        4    #####..
 Sticky Flame             Conj/Fire      #.......     100%        4    #####..
 Summon Ice Beast         Ice/Summ       #.......     100%        4    #####..
 Throw Icicle             Conj/Ice       #.......     100%        4    #####..
 Alistair's Intoxication  Tmut/Pois      #.......     100%        5    ######.
 Blade Hands              Tmut           #.........   100%        5    ######.
 Bolt of Magma            Conj/Fire/Erth #.........   100%        5    ######.
 Borgnjor's Vile Clutch   Necr/Erth      #.........   100%        5    ######.
 Irradiate                Conj/Tmut      #.........   100%        5    ######.
 Lee's Rapid Deconstruct  Erth           #.........   100%        5    ######.
 Lightning Bolt           Conj/Air       #.........   100%        5    ######.
 Silence                  Hex/Air        #.........   100%        5    ######.
 Bolt of Cold             Conj/Ice       #.........   100%        6    #######
 Darkness                 Hex            #.........   100%        6    #######
 Freezing Cloud           Conj/Ice/Air   #.........   100%        6    #######
 Hydra Form               Tmut           #.........   100%        6    #######
 Iron Shot                Conj/Erth      #.........   100%        6    #######
 Ozocubu's Refrigeration  Ice            #.........   100%        6    #######
 Poison Arrow             Conj/Pois      #.........   100%        6    #######
 Shadow Creatures         Summ           N/A          100%        6    #######
 Statue Form              Tmut/Erth      #........    100%        6    #######
 Dragon Form              Tmut           #.........   100%        7    #######
 Ring of Flames           Chrm/Fire      #.........   100%        7    #######
 Chain Lightning          Conj/Air       #.........   100%        8    #######
 Ignition                 Fire           #.........   100%        8    #######
 Lehudib's Crystal Spear  Conj/Erth      #.........   100%        8    #######
 Fire Storm               Conj/Fire      #.........   100%        9    #######
 Glaciate                 Conj/Ice       #.........   100%        9    #######
 Shatter                  Erth           #.........   100%        9    #######
 Tornado                  Air            #.........   100%        9    #######


Dungeon Overview and Level Annotations

Branches:
Dungeon (15/15)            Temple (1/1) D:5            Lair (6/6) D:10
  Swamp (4/4) Lair:3        Snake (4/4) Lair:3        Slime (0/5) Lair:6
    Orc (2/2) D:9             Elf (3/3) Orc:2        Vaults (1/5) D:13
 Depths (0/5) D:15

Altars:
Ashenzari
Cheibriados
Dithmenos
Elyvilon
Fedhas
Gozag
Hepliaklqana
Kikubaaqudgha
Makhleb
Nemelex Xobeh
Okawaru
Qazlal
Ru
Sif Muna
Trog
Uskayaw
Vehumet
Wu Jian
Xom
Yredelemnul
Zin
The Shining One
Beogh

Shops:
Orc:1 [[!   Orc:2 :[!%   Elf:1 }   Elf:3 *   Snake:4 }=}

Portals:
Pandemonium: Orc:2

Annotations:
D:7 Harold
Lair:1 exclusion: 3 oklob plants
Elf:1 1 runed translucent door
Elf:2 2 runed translucent doors, Ujarr's ghost, adept NaGl


Innate Abilities, Weirdness & Mutations

You reflexively headbutt those who attack you in melee.
You have a pair of horns on your head.
You have large cloven feet.
You are partially covered in slimy green scales. (AC +2)
Your mind is acute. (Int +2)
Your flesh is heat resistant. (rF+)
You passively map a small area around you.
You are weak. (Str -2)


Message History

* * * LOW HITPOINT WARNING * * *
The deep elf mage casts a spell.
The deep elf mage blinks!
Blink to where?
Press: ? - help, Dir - move target cursor
As you read the scroll of blinking, it crumbles to dust.
A deep elf sorcerer comes into view. It is wielding a +0 dagger.
The deep elf sorcerer shouts!
The deep elf sorcerer gestures at you while chanting.
The sphere of damnation explodes!
The damnation engulfs you!!!
* * * LOW HITPOINT WARNING * * *
Okay, then.
Really fly into that teleport trap?
You enter a teleport trap!
The teleport trap disappears.
Your surroundings suddenly seem different.
Okay, then.
You feel better.
The deep elf sorcerer casts a spell at you.
The sphere of damnation explodes!
The damnation engulfs you!!
You die...

▒▒e░...e.......ee.▒▒...░
▒..░..▒e...e.......▒....
▒.░░..▒....░░░░....▒..[.
▒.░..▒▒...░* ░░...▒▒...
▒.░..▒.Y..░ ░....▒...
▒.e..▒....░ ░....▒▒..
▒.○°▒▒....░░ ░░.....▒▒▒
▒.○.▒......░░░░.e......▒
▒...▒..@..............,,
▒..§▒...........e.░***,,
▒...▒▒▒▒▒......§.░* **,
▒....,..▒▒▒▒....(░ *,
▒..........▒▒▒..)░ *,
▒..e.░.......▒▒.)░░ **.
▒▒.)░░........▒..(░░░░..
▒...░░░░.....▒▒........
▒....░░░░..)).▒.⌠.....▒


You could see a deep elf sorcerer, a deep elf high priest and an ice beast.

Vanquished Creatures
  Bai Suzhen (Snake:3)
  Vashnia (Snake:4)
  A tentacled monstrosity (Vaults:1)
  Rupert (Lair:4)
  A deep elf blademaster (Elf:3)
  Agnes (Elf:2)
  A sphinx (Vaults:1)
  5 thorn hunters
  11 nagarajas
  Roxanne (Swamp:2)
  A deep elf sorcerer (Elf:3)
  A vault warden (Vaults:1)
  Aizul (Snake:1)
  An emperor scorpion (shapeshifter) (Elf:3)
  4 deep elf elementalists (Elf:3)
  The ghost of robertstho the Severer, a journeyman MiFi of Qazlal (D:15)
  The ghost of zazu2006 the Slicer, a journeyman GnWn of Okawaru (Lair:6)
  2 deep elf demonologists (Elf:3)
  A dire elephant (Lair:6)
  4 deep elf annihilators (Elf:3)
  Snorg (Lair:4)
  4 deep elf death magi
  3 deep elf high priests (Elf:3)
  2 fire dragons
  An ice dragon (D:15)
  3 vault guards
  24 hydras
  17 naga warriors
  A rakshasa (D:13)
  2 catoblepae
  A ghost crab (Swamp:4)
  12 anacondas
  The ghost of Temamet the Basher, a novice MiBe of Trog (D:9)
  An ogre mage (D:15)
  3 centaur warriors
  30 dancing weapons
  5 death yaks (Lair:6)
  10 two-headed ogres
  A deep troll shaman (Lair:6)
  14 alligators
  3 tengu warriors
  7 orc high priests (Orc:2)
  20 naga sharpshooters
  6 shock serpents
  16 deep elf knights
  A spriggan berserker (Swamp:4)
  A sun demon (Orc:2)
  Sonja (Lair:6)
  A fire crab (Lair:6)
  4 skeletal warriors
  2 salamander mystics
  3 unseen horrors
  An infernal demonspawn (Orc:2)
  A gelid demonspawn (Orc:2)
  4 sea snakes
  12 naga ritualists
  8 swamp dragons
  Pikel (D:8)
  11 deep elf archers
  A lindwurm (Lair:6)
  11 orc knights
  6 wizards
  3 ironbrand convokers (Vaults:1)
  56 deep elf magi
  26 ugly things
  10 mana vipers
  9 orc sorcerers
  A salamander (shapeshifter) (D:14)
  4 cyclopes
  A manticore (D:15)
  Joseph (D:7)
  14 salamanders
  3 centaur zombies
  5 elephants (Lair:6)
  A guardian serpent (shapeshifter) (D:15)
  42 black mambas
  14 naga magi
  A vault sentinel (Vaults:1)
  2 ice statues (IceCv)
  3 guardian serpents
  2 smoke demons (Orc:2)
  4 gargoyles
  An eye of devastation (Lair:6)
  3 rime drakes
  7 komodo dragons
  20 spiny frogs
  A yaktaur (Vaults:1)
  3 kobold demonologists
  An efreet (D:14)
  A freezing wraith (Vaults:1)
  A tengu conjurer (D:13)
  A red devil (Orc:2)
  5 trolls
  3 polar bears (Lair:6)
  Grinder (D:3)
  8 tyrant leeches
  5 hornets
  5 dream sheep (Lair:6)
  14 blink frogs
  3 hippogriffs
  16 slime creatures
  6 bog bodies
  4 spriggans
  2 shadows
  A ynoxinul (Orc:2)
  44 yaks
  4 wraiths
  7 water elementals
  The ghost of Zonian the Ducker, an amateur SpEn of Dithmenos (D:5)
  A wyvern (D:14)
  15 humans (D:13)
  4 basilisks
  5 neqoxecs
  12 vampire mosquitoes
  4 hungry ghosts
  3 fire elementals (Elf:2)
  60 nagas
  18 swamp worms
  A soldier ant (D:13)
  6 insubstantial wisps (Swamp:4)
  An acid dragon (D:13)
  Edmund (D:4)
  2 wargs
  9 water moccasins
  8 porcupines
  8 swamp drakes
  3 slaves (D:8)
  3 black bears
  43 orc warriors
  4 necrophages
  6 phantoms
  2 eyes of draining
  4 sky beasts
  12 ice beasts
  16 wolves
  12 ogres
  11 centaurs
  9 crocodiles
  Blork the orc (D:5)
  2 big kobolds
  19 bullfrogs
  2 earth elementals
  2 gnoll sergeants (D:9)
  2 wyvern skeletons
  5 scorpions
  20 killer bees
  2 electric eels
  5 howler monkeys
  6 crimson imps
  3 quasits (D:15)
  2 bullfrog zombies
  2 bullfrog skeletons
  A jelly (D:11)
  30 orc priests
  6 centaur skeletons
  4 hounds
  24 orc wizards
  Ijyb (D:3)
  Terence (D:2)
  6 iguanas
  5 worker ants
  A killer bee zombie (D:9)
  A hound zombie (D:8)
  2 howler monkey skeletons (D:10)
  22 adders
  9 gnolls (D:9)
  A hound simulacrum (D:5)
  3 shadow imps
  3 white imps
  A howler monkey simulacrum (D:5)
  An ufetubus (D:14)
  An ooze (D:2)
  4 adder skeletons
  An adder zombie (D:6)
  2 worms (D:8)
  2 dart slugs (D:4)
  An adder simulacrum (D:5)
  8 leopard geckos
  95 orcs
  4 bats
  12 giant cockroaches
  2 goblins (D:1)
  6 hobgoblins
  8 jackals
  5 quokkas
  6 ball pythons
  A ball python simulacrum (D:5)
  3 frilled lizards
  A jackal simulacrum (D:5)
  13 kobolds
  A leopard gecko simulacrum (D:5)
  2 leopard gecko skeletons
  A quokka simulacrum (D:5)
  A quokka zombie (D:5)
  10 rats
  3 briar patches (Swamp:4)
  A fire vortex (Elf:3)
1340 creatures vanquished.

Vanquished Creatures (others)
  A dancing weapon (Elf:2)
  2 deep elf magi (Elf:2)
  A guardian serpent (Snake:4)
  A naga (Snake:4)
  A briar patch (Swamp:4)
  2 fungi
  6 plants
14 creatures vanquished.

Grand Total: 1354 creatures vanquished

Notes
Turn   | Place    | Note
-------+----------+-------------------------------------------
     0 | D:1      | silenth the Minotaur Fighter began the quest for the Orb.
     0 | D:1      | Reached XP level 1. HP: 19/19 MP: 0/0
   375 | D:1      | Reached skill level 3 in Maces & Flails
   413 | D:1      | Reached XP level 2. HP: 26/27 MP: 1/1
   480 | D:1      | Reached skill level 4 in Fighting
  1100 | D:2      | Noticed Terence
  1106 | D:2      | Killed Terence
  1106 | D:2      | Reached skill level 4 in Maces & Flails
  1106 | D:2      | Reached XP level 3. HP: 25/34 MP: 2/2
  1149 | D:2      | Reached XP level 4. HP: 34/41 MP: 3/3
  1396 | D:2      | You fall through a shaft!
  1603 | D:3      | Reached skill level 5 in Maces & Flails
  1728 | D:3      | Reached skill level 5 in Fighting
  1728 | D:3      | Reached XP level 5. HP: 44/48 MP: 4/4
  1763 | D:3      | Found an opulent altar of Gozag.
  1824 | D:3      | Noticed Grinder
  1841 | D:3      | Killed Grinder
  1841 | D:3      | Reached skill level 6 in Maces & Flails
  1841 | D:3      | Reached XP level 6. HP: 26/57 MP: 5/5
  2272 | D:3      | Noticed Ijyb
  2277 | D:3      | Killed Ijyb
  2277 | D:3      | Reached skill level 7 in Maces & Flails
  2628 | D:4      | Reached skill level 6 in Fighting
  2734 | D:4      | Reached XP level 7. HP: 36/64 MP: 6/6
  2901 | D:4      | Reached skill level 8 in Maces & Flails
  3306 | D:4      | Noticed Edmund
  3310 | D:4      | Killed Edmund
  3310 | D:4      | Reached skill level 7 in Fighting
  3446 | D:5      | Entered Level 5 of the Dungeon
  3479 | D:5      | Reached skill level 9 in Maces & Flails
  3480 | D:5      | Found a staircase to the Ecumenical Temple.
  3488 | Temple   | Entered the Ecumenical Temple
  3643 | Temple   | Became a worshipper of the Wu Jian Council
  3668 | D:5      | Noticed Blork the orc
  3674 | D:5      | Killed Blork the orc
  3689 | D:5      | Found a sparkling altar of Nemelex Xobeh.
  3735 | D:5      | Reached XP level 8. HP: 48/73 MP: 7/7
  3925 | D:5      | Noticed Zonian's ghost (amateur SpEn)
  4030 | D:5      | Reached skill level 10 in Maces & Flails
  4153 | D:5      | Found a runed translucent gate.
  4153 | D:5      | Found a runed translucent gate.
  4153 | D:5      | Found a runed translucent gate.
  4168 | D:5      | Reached skill level 8 in Fighting
  4529 | D:6      | Reached skill level 1 in Dodging
  4530 | D:6      | Reached skill level 1 in Throwing
  4653 | D:6      | Reached skill level 4 in Armour
  5128 | D:7      | Reached skill level 1 in Evocations
  5133 | D:7      | Reached * piety under Wu Jian
  5183 | D:7      | Reached skill level 2 in Dodging
  5209 | D:7      | Reached skill level 2 in Throwing
  5209 | D:7      | Reached XP level 9. HP: 72/82 MP: 9/9
  5267 | D:7      | Reached skill level 2 in Evocations
  5325 | D:7      | Reached skill level 11 in Maces & Flails
  5342 | D:7      | Noticed Joseph
  5539 | D:7      | Noticed Harold
  5640 | D:7      | Reached skill level 5 in Armour
  5651 | D:7      | Reached skill level 3 in Dodging
  5669 | D:7      | Reached skill level 3 in Throwing
  5684 | D:7      | Killed Joseph
  5684 | D:7      | Reached skill level 9 in Fighting
  5684 | D:7      | Reached skill level 3 in Evocations
  6003 | D:7      | Reached skill level 4 in Dodging
  6010 | D:7      | Reached ** piety under Wu Jian
  6512 | D:8      | Reached skill level 6 in Armour
  6512 | D:8      | Reached XP level 10. HP: 82/91 MP: 11/11
  6580 | D:8      | Reached skill level 12 in Maces & Flails
  6620 | D:8      | Noticed a moth of wrath
  6623 | D:8      | Found a bloodstained altar of Trog.
  6623 | D:8      | Noticed Pikel
  6653 | D:8      | Killed Pikel
  6736 | D:8      | Found a deep blue altar of Sif Muna.
  6736 | D:8      | Found a stormy altar of Qazlal.
  6839 | D:8      | Found a hazy altar of Hepliaklqana.
  7082 | D:9      | Found a blossoming altar of Fedhas.
  7210 | D:9      | Reached skill level 10 in Fighting
  7214 | D:9      | Reached skill level 13 in Maces & Flails
  7237 | D:9      | Reached *** piety under Wu Jian
  7376 | D:9      | Noticed a two-headed ogre
  7380 | D:9      | Killed a two-headed ogre
  7440 | D:9      | Found a runed translucent gate.
  7440 | D:9      | Found a runed translucent gate.
  7440 | D:9      | Found a runed translucent gate.
  7440 | D:9      | Noticed Temamet's ghost (novice MiBe)
  7791 | D:9      | Reached skill level 14 in Maces & Flails
  7829 | D:9      | Found a staircase to the Orcish Mines.
  7839 | D:9      | Reached skill level 11 in Fighting
  8143 | D:10     | Entered Level 10 of the Dungeon
  8143 | D:10     | Noticed a two-headed ogre
  8145 | D:10     | Killed a two-headed ogre
  8145 | D:10     | Reached XP level 11. HP: 104/104 MP: 12/12
  8222 | D:10     | Found a staircase to the Lair.
  8264 | D:10     | Reached skill level 12 in Fighting
  8309 | D:10     | Noticed a two-headed ogre
  8312 | D:10     | Reached **** piety under Wu Jian
  8669 | D:10     | Killed a two-headed ogre
  8669 | D:10     | Reached skill level 13 in Fighting
  8964 | D:11     | Found a burning altar of Makhleb.
  8964 | D:11     | Noticed a skeletal warrior
  8964 | D:11     | Noticed a skeletal warrior
  8964 | D:11     | Noticed a skeletal warrior
  8964 | D:11     | Noticed a skeletal warrior
  8982 | D:10     | Killed a skeletal warrior
  8992 | D:10     | Killed a skeletal warrior
  8992 | D:10     | Reached skill level 14 in Fighting
  9332 | D:11     | Noticed a two-headed ogre
  9339 | D:11     | Killed a two-headed ogre
  9759 | D:11     | Reached skill level 7 in Armour
  9796 | D:11     | Killed a skeletal warrior
  9885 | D:11     | Reached ***** piety under Wu Jian
  9888 | D:11     | Reached skill level 5 in Dodging
 10058 | D:11     | Found an iron altar of Okawaru.
 10145 | Lair:1   | Entered Level 1 of the Lair of Beasts
 10225 | Lair:1   | Reached skill level 8 in Armour
 10259 | Lair:1   | Noticed an oklob plant
 10261 | Lair:1   | Noticed an oklob plant
 10283 | Lair:1   | Reached XP level 12. HP: 98/118 MP: 13/13
 10468 | Lair:1   | Found a stormy altar of Qazlal.
 10478 | Lair:1   | Noticed a four-headed hydra
 10485 | Lair:1   | Killed a four-headed hydra
 11151 | Lair:2   | Reached skill level 9 in Armour
 11330 | Lair:2   | Reached skill level 6 in Dodging
 11337 | Lair:2   | Got a slimy platinum ring
 11357 | Lair:2   | Identified the ring "Dacirim" {rPois MR+++} (You found it
                  | on level 2 of the Lair of Beasts)
 11429 | Lair:2   | Noticed a catoblepas
 11439 | Lair:2   | Killed a catoblepas
 11895 | Lair:3   | Noticed a six-headed hydra
 11978 | Lair:3   | Found a staircase to the Snake Pit.
 11988 | Lair:3   | Killed a six-headed hydra
 11988 | Lair:3   | Reached skill level 10 in Armour
 11990 | Lair:3   | Reached skill level 15 in Fighting
 12159 | Lair:3   | Noticed a six-headed hydra
 12161 | Lair:3   | Found a staircase to the Swamp.
 12170 | Lair:3   | Killed a six-headed hydra
 12438 | Lair:3   | Reached skill level 7 in Dodging
 12780 | Lair:4   | Noticed Rupert
 12798 | Lair:4   | Killed Rupert
 12798 | Lair:4   | Reached skill level 11 in Armour
 12871 | Lair:4   | Noticed Snorg
 12884 | Lair:4   | Killed Snorg
 12897 | Lair:4   | Reached skill level 8 in Dodging
 12897 | Lair:4   | Reached XP level 13. HP: 86/125 MP: 14/14
 12914 | Lair:4   | Reached skill level 12 in Armour
 12946 | Lair:4   | Found a frozen archway.
 12981 | IceCv    | Entered an ice cave
 12982 | IceCv    | Found a transporter.
 13106 | IceCv    | Found a transporter.
 14862 | Lair:6   | Entered Level 6 of the Lair of Beasts
 14986 | Lair:6   | Found a staircase to the Slime Pits.
 15144 | Lair:6   | Reached skill level 13 in Armour
 15162 | Lair:6   | Found a runed translucent door.
 15163 | Lair:6   | Noticed zazu2006's ghost (journeyman GnWn)
 15165 | Lair:6   | Noticed a dire elephant
 15240 | Lair:6   | Reached skill level 16 in Fighting
 15240 | Lair:6   | Reached skill level 9 in Dodging
 15787 | Lair:6   | Noticed Sonja
 15795 | Lair:6   | Killed Sonja
 15884 | Lair:6   | Reached skill level 14 in Armour
 15923 | Lair:6   | Reached skill level 4 in Evocations
 15925 | Lair:6   | Reached skill level 10 in Dodging
 16064 | Lair:6   | Reached XP level 14. HP: 138/138 MP: 16/16
 16248 | Lair:6   | Got a shimmering lead amulet
 16292 | Lair:6   | Identified the amulet "Hoerus" {Acrobat rC+} (You found it
                  | on level 6 of the Lair of Beasts)
 17181 | D:12     | You fall through a shaft for 2 floors!
 17184 | D:14     | Reached skill level 5 in Evocations
 17234 | D:14     | Found a flagged portal.
 17252 | D:14     | Reached ****** piety under Wu Jian
 17284 | Bailey   | Entered a bailey
 17981 | Bailey   | Reached skill level 17 in Fighting
 18840 | D:12     | Reached skill level 11 in Dodging
 19164 | D:13     | Reached skill level 15 in Armour
 19180 | D:13     | Reached skill level 6 in Evocations
 19414 | D:13     | Found a gate to the Vaults.
 19749 | D:13     | Found a glowing golden altar of the Shining One.
 20033 | D:13     | Reached XP level 15. HP: 148/148 MP: 18/18
 20571 | D:14     | Reached skill level 12 in Dodging
 21028 | D:14     | Reached skill level 4 in Throwing
 21386 | D:15     | Entered Level 15 of the Dungeon
 21386 | D:15     | Found the +3 Elemental Staff {rElec rF++ rC++ MR++ AC+5}
 21399 | D:15     | Noticed robertstho's ghost (journeyman MiFi)
 21487 | D:15     | Reached skill level 18 in Fighting
 21638 | D:15     | Found a transporter.
 21663 | D:15     | Found a transporter.
 21725 | D:15     | Found a staircase to the Depths.
 21935 | D:15     | Reached skill level 16 in Armour
 22166 | D:15     | Gained mutation: Your flesh is heat resistant. (rF+) [a
                  | neqoxec]
 22358 | Orc:1    | Entered Level 1 of the Orcish Mines
 22358 | Orc:1    | Found Nylium's Antique Armour Emporium.
 22396 | Orc:1    | Found Askupets's Distillery.
 22396 | Orc:1    | Found Bicaub's Antique Armour Emporium.
 22778 | Orc:2    | Entered Level 2 of the Orcish Mines
 22794 | Orc:2    | Reached skill level 7 in Evocations
 23015 | Orc:2    | Reached skill level 5 in Throwing
 23049 | Orc:2    | Found a staircase to the Elven Halls.
 23091 | Orc:2    | Found Enarghei's Food Shop.
 23101 | Orc:2    | Found Arazxit's Distillery.
 23135 | Orc:2    | Gained mutation: You tend to lose your temper in combat. [a
                  | neqoxec]
 23532 | Orc:2    | Lost mutation: Your flesh is heat resistant. (rF+) [potion
                  | of mutation]
 23532 | Orc:2    | Lost mutation: You tend to lose your temper in combat.
                  | [potion of mutation]
 23532 | Orc:2    | Gained mutation: You are weak. (Str -2) [potion of
                  | mutation]
 23532 | Orc:2    | Gained mutation: Your flesh is heat resistant. (rF+)
                  | [potion of mutation]
 23596 | Orc:2    | Found a roughly hewn altar of Beogh.
 24490 | Orc:2    | Found Kiequmut's Book Shoppe.
 24490 | Orc:2    | Found a one-way gate leading to the halls of Pandemonium.
 24490 | Orc:2    | Found Hinin's Antique Armour Emporium.
 24612 | Orc:1    | Bought a potion of mutation for 112 gold pieces
 24612 | Orc:1    | Bought a potion of curing for 42 gold pieces
 24612 | Orc:1    | Bought a potion of curing for 42 gold pieces
 24669 | Orc:2    | Bought a potion of curing for 48 gold pieces
 24669 | Orc:2    | Bought a potion of haste for 160 gold pieces
 24698 | Orc:2    | Bought a pair of glowing gloves for 195 gold pieces
 24698 | Orc:2    | Bought a pair of runed boots for 195 gold pieces
 24791 | Orc:1    | Bought an embroidered hat for 175 gold pieces
 24791 | Orc:1    | Bought an encrusted buckler for 237 gold pieces
 24796 | Orc:1    | Identified the +3 buckler "Izamem" {Int+3 Dex+7} (You
                  | bought it in a shop on level 1 of the Orcish Mines)
 24834 | Orc:1    | Bought a pair of transparent gloves for 285 gold pieces
 24834 | Orc:1    | Bought a runed hat for 210 gold pieces
 24866 | Orc:1    | Identified the +3 pair of gloves of Ru's Castigation
                  | {Slay+2 Stlth+} (You bought it in a shop on level 1 of the
                  | Orcish Mines)
 25009 | Snake:1  | Entered Level 1 of the Snake Pit
 25161 | Lair:3   | Reached skill level 13 in Dodging
 25167 | Lair:3   | Reached skill level 4 in Shields
 25174 | Lair:3   | Reached XP level 16. HP: 110/159 MP: 0/20
 25337 | Snake:1  | Reached skill level 8 in Evocations
 25996 | Snake:1  | Noticed Aizul
 26013 | Snake:1  | Killed Aizul
 26761 | Snake:2  | Reached skill level 17 in Armour
 27358 | Snake:2  | Reached skill level 19 in Fighting
 27399 | Snake:2  | Reached skill level 9 in Evocations
 27951 | Snake:2  | Identified the Tome of Blows and Bruises
 28167 | Snake:2  | Reached skill level 14 in Dodging
 28693 | Snake:3  | Noticed Bai Suzhen
 28720 | Snake:3  | Killed Bai Suzhen
 29314 | Snake:3  | Reached XP level 17. HP: 153/168 MP: 20/23
 29982 | Snake:4  | Entered Level 4 of the Snake Pit
 30005 | Snake:4  | Noticed Vashnia
 30433 | Swamp:1  | Entered Level 1 of the Swamp
 30882 | Swamp:1  | Reached skill level 10 in Evocations
 31301 | Swamp:2  | Reached skill level 18 in Armour
 31491 | Swamp:2  | Noticed Roxanne
 31525 | Swamp:2  | Killed Roxanne
 31577 | Swamp:2  | Found a hide-covered altar of Uskayaw.
 32584 | Swamp:3  | Reached skill level 15 in Dodging
 32761 | Swamp:4  | Entered Level 4 of the Swamp
 32827 | Swamp:4  | Reached skill level 20 in Fighting
 34094 | Swamp:4  | Reached XP level 18. HP: 114/180 MP: 16/24
 34304 | Swamp:4  | Reached skill level 19 in Armour
 34328 | Swamp:4  | Got an ichor-stained scale mail
 34339 | Swamp:4  | Identified the cursed +0 scale mail of Spring {*Slow rF+
                  | Int+7} (You found it on level 4 of the Swamp)
 34378 | Swamp:4  | Got a decaying rune of Zot
 34581 | Snake:4  | Found Sucul's Gadget Shop.
 34588 | Snake:4  | Found Xiturr's Jewellery Emporium.
 34589 | Snake:4  | Found Weucesch's Gadget Shop.
 34668 | Snake:4  | Bought a lightning rod (4/4) for 680 gold pieces
 34668 | Snake:4  | Bought a lamp of fire for 680 gold pieces
 34721 | Snake:4  | Reached skill level 16 in Dodging
 34751 | Snake:4  | Killed Vashnia
 35070 | Snake:4  | Found a shimmering altar of Xom.
 35096 | Snake:4  | Found the +2 shield of Resistance {rF+ rC+ MR+}
 36069 | Snake:4  | Reached skill level 5 in Shields
 36354 | Snake:4  | Reached skill level 6 in Shields
 36371 | Snake:4  | Got a serpentine rune of Zot
 36751 | Snake:4  | Reached skill level 21 in Fighting
 37149 | Snake:4  | Reached skill level 7 in Shields
 38083 | Vaults:1 | Entered Level 1 of the Vaults
 38107 | Vaults:1 | Reached skill level 8 in Shields
 38228 | Vaults:1 | Noticed a tentacled monstrosity
 38260 | Vaults:1 | Reached XP level 19. HP: 66/189 MP: 12/26
 38813 | Elf:1    | Entered Level 1 of the Elven Halls
 39005 | Elf:1    | Reached skill level 11 in Evocations
 39015 | Elf:1    | Found Okkeu's Gadget Emporium.
 39127 | Elf:1    | Reached skill level 9 in Shields
 39595 | D:5      | Killed Zonian's ghost
 39627 | D:5      | Got the ring "Isaplof" {Fire}
 39629 | D:5      | Identified the ring "Isaplof" {Fire MR+ Int+4 Stlth+} (You
                  | found it on level 5 of the Dungeon)
 39739 | D:9      | Killed Temamet's ghost
 39977 | Lair:6   | Killed zazu2006's ghost
 40397 | D:15     | Gained mutation: You have large cloven feet. [a neqoxec]
 40441 | D:15     | Killed robertstho's ghost
 40483 | D:15     | Gained mutation: Armour fits poorly on your strangely
                  | shaped body. [a neqoxec]
 40484 | D:15     | Lost intelligence.
 40489 | D:15     | Gained mutation: Your body sometimes deteriorates upon
                  | taking damage. [a neqoxec]
 40491 | D:15     | Gained mutation: You are dopey. (Int -2) [a neqoxec]
 40505 | D:15     | Got the ring "Ifevaret" {Int-3}
 40508 | D:15     | Identified the cursed ring "Ifevaret" {rN+ Str+2 Int-3}
                  | (You found it on level 15 of the Dungeon)
 40786 | Vaults:1 | Lost mutation: Your body sometimes deteriorates upon taking
                  | damage. [potion of mutation]
 40786 | Vaults:1 | Lost mutation: You are dopey. (Int -2) [potion of mutation]
 40786 | Vaults:1 | Lost mutation: Armour fits poorly on your strangely shaped
                  | body. [potion of mutation]
 40786 | Vaults:1 | Gained mutation: You passively map a small area around you.
                  | [potion of mutation]
 40786 | Vaults:1 | Gained mutation: You are partially covered in slimy green
                  | scales. (AC +2) [potion of mutation]
 40786 | Vaults:1 | Gained mutation: Your mind is acute. (Int +2) [potion of
                  | mutation]
 41155 | Elf:1    | Found a runed translucent door.
 41155 | Elf:1    | Found a runed translucent door.
 41615 | Elf:1    | Reached skill level 10 in Shields
 41621 | Elf:1    | Identified the Catalogue of Toxins and the Frostbite
 41946 | Elf:2    | Reached skill level 20 in Armour
 42282 | Elf:2    | Reached skill level 17 in Dodging
 42331 | Elf:2    | Found a runed translucent door.
 42355 | Elf:2    | Found a runed translucent door.
 42522 | Elf:2    | Reached skill level 11 in Shields
 42535 | Elf:2    | Noticed Agnes
 42973 | Elf:2    | Noticed Ujarr's ghost (adept NaGl)
 42975 | Elf:2    | Found a runed translucent door.
 43477 | Elf:2    | Killed Agnes
 44160 | Elf:3    | Entered Level 3 of the Elven Halls
 44260 | Elf:3    | Reached XP level 20. HP: 180/199 MP: 27/27
 44306 | Elf:3    | Reached skill level 12 in Shields
 44331 | Elf:3    | Found Rucw's Elven Fire.
 45151 | Elf:3    | Identified the cursed +1 spear "Ussavog" {antimagic, +Rage
                  | rN+ Dex+2 Stlth-}
 45272 | Elf:3    | Identified the +4 plate armour "Tayhaebb" {rN++ Int-3}
 45282 | Elf:3    | Identified the +8 dagger of Checks and Balances {drain,
                  | rF+}
 45395 | Elf:3    | HP: 16/200 [deep elf sorcerer/damnation (34)]
 45397 | Elf:3    | Killed from afar by a deep elf sorcerer

Levels and vault maps discovered:
D:1:      evilmike_arrival_plus, layout_loops_corners
D:2:      layout_loops_ring, minmay_quantized, uniq_terence
D:3:      layout_loops_corners, grunt_gozag_breadcrumbs, uniq_ijyb, uniq_grinder
D:4:      cheibrodos_pilgrimage, layout_loops_ring, first_ration,
          minmay_misc_feat_encased, uniq_edmund
D:5:      layout_loops_cross, temple_fountains, gammafunk_ghost_icy,
          minivault_11, nemelex_lonely_heart_becter, uniq_blork_the_orc
D:6:      layout_loops_ring, hangedman_decor_points
D:7:      layout_loops_ring, the_bakery, minmay_joined_circles, uniq_harold,
          uniq_joseph
D:8:      layout_loops_ring, tgw_trog, kennysheep_mini,
          gammafunk_temple_overflow_wave, uniq_pikel
D:9:      layout_irregular_city, kennysheep_mini_moat, erik_orc_1,
          ebering_ghost_rock_garden, corner_web_ring,
          chequers_serial_rivers_small_b
D:10:     layout_rooms, david_lair_shrubbed
D:11:     layout_cross, basic_altar, okawaru_ov_weapons_minmay
D:12:     layout_cave_pools
D:13:     layout_long_grid, grunt_vaults_entry_tiered,
          nicolae_tso_swordbearing_angel
D:14:     layout_basic, patterned_corridor, enter_bailey_2, serial_ice,
          serial_ice_i, serial_ice_a, serial_ice_f, serial_ice_g
D:15:     grunt_enter_depths_hoard, layout_rooms, gammafunk_ghost_stat_death,
          minmay_crystal_water
Temple:   minmay_crystal_spiral_temple
Lair:1:   layout_regular_city, eino_small_chamber_without_monster,
          lemuel_oklob_altar, minmay_lair_oklob_chamber, grunt_megastairs_2
Lair:2:   layout_roguey, serial_bayou_pond_a, grunt_megastairs_3
Lair:3:   layout_roguey, swamp_mist_pool, dummy_snake_entry,
          serial_bayou_pond_a, roderic_carrion_pond
Lair:4:   layout_roguey, portal_ice_cave_entry_pillars_1, uniq_rupert,
          uniq_snorg
Lair:5:   layout_loops_ring
Lair:6:   grunt_lair_end_beastmaster, layout_layer_cave,
          minmay_slime_entry_eyes, ebering_ghost_inner_flame,
          serial_bayou_shore_b, uniq_sonja
Swamp:1:  layout_basic_swamp, nicolae_swamp_round_clearing
Swamp:2:  layout_falls_marsh, basic_altar, swamp_pool2, uniq_roxanne
Swamp:3:  layout_basic_swamp, evilmike_swamp_ruin_house_3, swamp_pool1
Swamp:4:  swamp_basic_johnstein, layout_basic_swamp, swamp_pool4
Snake:1:  layout_cave_pods, grunt_ministairs_13, nicolae_snake_springs,
          uniq_aizul
Snake:2:  layout_onion_interference, abandoned_shop, serial_bayou_shore_a
Snake:3:  layout_chambers, nrook_loot_triangle, drop_trap, uniq_bai_suzhen
Snake:4:  johnstein_snake_rune_scales, layout_misc_corridors, basic_altar,
          minmay_shop_grove, uniq_vashnia
Orc:1:    layout_caves, serial_shops, shop, nicolae_shop_trees, shop,
          nicolae_orc_sculptors_studio
Orc:2:    pf_orc_diabolical, layout_caves, basic_altar
Elf:1:    minmay_the_grid_triangle_9x9_rhombus_thin
          [minmay_the_grid_triangle_9x9_windchime,
          minmay_the_grid_triangle_9x9_prize_insulated,
          minmay_the_grid_triangle_9x9_intruding_spiral,
          minmay_the_grid_triangle_9x9_tough_junction], layout_gridlike,
          serial_shops, nicolae_shop_competitors_out_of_business,
          minmay_elf_crystal_heptagon
Elf:2:    layout_geoelf_diagonals, ebering_ghost_inner_flame, uniq_agnes
Elf:3:    minmay_elf_hall_curves, layout_rooms, guppyfry_elf_lava
Vaults:1: gammafunk_vaults_ghost_grave, vaults_room_fours, vaults_room_hallway,
          ontoclasm_vaults_ring_small, nicolae_vaults_windows_and_doors_thing,
          nicolae_vaults_little_squares_2, hangedman_vaults_trim,
          nicolae_vaults_specimen_jars, vaults_room_hangedman_quadrants,
          ontoclasm_vaults_gateway, layout_vaults_quadrants, basic_altar

Skill      XL: |  1  2  3  4  5  6  7  8  9 10 11 12 13 14 15 16 17 18 19 20 |
---------------+-------------------------------------------------------------+-----
Maces & Flails | 3 4 5 6 7 9 10 11 14 | 14.0
Fighting       | 4 5 6 7 8 9 11 14 15 16 17 18 19 20 21 | 21.8
Dodging        | 2 4 5 8 10 11 13 14 15 16 17 | 17.5
Throwing       | 2 3 5 |  5.0
Armour         | 4 6 8 11 14 15 16 17 18 19 20 | 20.4
Evocations     | 1 3 4 6 7 9 10 11 | 11.9
Shields        | 4 8 11 12 | 12.6

Action                   |  1- 3 |  4- 6 |  7- 9 | 10-12 | 13-15 | 16-18 | 19-21 || total
-------------------------+-------+-------+-------+-------+-------+-------+-------++-------
Melee: Flail             |    54 |    93 |    48 |       |       |       |       ||   195
       Headbutt          |     9 |    10 |    47 |   127 |   355 |   788 |   273 ||  1609
       Dire flail        |       |       |   219 |   598 |  1489 |       |       ||  2306
       Halberd           |       |       |       |       |    84 |       |       ||    84
       Demon whip        |       |       |       |       |    46 |  2316 |  1208 ||  3570
Throw: Tomahawk          |       |       |       |       |     4 |       |    17 ||    21
Invok: Lunge             |       |       |    27 |    54 |    85 |    88 |    64 ||   318
       Whirlwind         |       |       |       |    30 |   138 |   323 |    66 ||   557
       Heavenly Storm    |       |       |       |       |     2 |       |       ||     2
 Abil: Wall Jump         |       |       |       |       |       |       |     1 ||     1
Evoke: Wand              |       |     4 |     2 |     5 |     3 |     9 |     7 ||    30
       Phial of floods   |       |       |       |       |       |     1 |     1 ||     2
       Lamp of fire      |       |       |       |       |       |       |     1 ||     1
  Use: Scroll            |       |       |    12 |    11 |     9 |     7 |    13 ||    52
       Potion            |       |       |       |     1 |     5 |     7 |    11 ||    24
 Stab: Confused          |       |       |       |     1 |       |       |       ||     1
       Paralysed         |       |       |       |       |     1 |       |       ||     1
  Eat: Chunk             |       |     6 |     8 |     5 |     7 |     3 |     5 ||    34
       Ration            |       |       |     3 |     5 |    10 |    12 |     5 ||    35
Armor: Scale mail        |    19 |    17 |    65 |   126 |       |       |       ||   227
       Plate armour      |       |       |     7 |    57 |   657 |   778 |   255 ||  1754
Dodge: Dodged            |    13 |    30 |    71 |   206 |   558 |   927 |   268 ||  2073
Block: Shield            |    24 |    31 |    21 |       |       |   112 |   435 ||   623
       Buckler           |       |       |       |       |    19 |   606 |       ||   625

Table legend:
 A = Non-vault XP
 B = Vault XP
 C = Vault XP percentage of total XP
 D = Non-vault monster count
 E = Vault monster count
 F = Vault count percentage of total count
                 A         B        C        D         E       F
            +---------+---------+-------+---------+---------+-------
      Total |  277956 |  223631 |  44.6 |     909 |     428 |  32.0
            +---------+---------+-------+---------+---------+-------
        D:1 |      30 |       0 |   0.0 |      17 |       0 |   0.0
        D:2 |      35 |      68 |  66.0 |       9 |       7 |  43.8
        D:3 |     134 |     313 |  70.0 |      23 |       2 |   8.0
        D:4 |     403 |     252 |  38.5 |      26 |       7 |  21.2
        D:5 |     690 |     469 |  40.5 |      17 |      11 |  39.3
        D:6 |     203 |       0 |   0.0 |      12 |       0 |   0.0
        D:7 |    1389 |    1637 |  54.1 |      28 |      10 |  26.3
        D:8 |     854 |     676 |  44.2 |      19 |       6 |  24.0
        D:9 |    3002 |    1483 |  33.1 |      28 |      18 |  39.1
       D:10 |    6997 |     378 |   5.1 |      41 |       1 |   2.4
       D:11 |    3603 |       0 |   0.0 |      32 |       0 |   0.0
       D:12 |    3547 |       0 |   0.0 |      29 |       0 |   0.0
       D:13 |   10735 |    8591 |  44.5 |      41 |      26 |  38.8
       D:14 |   18952 |     471 |   2.4 |      44 |       6 |  12.0
       D:15 |    8405 |    4459 |  34.7 |      18 |      10 |  35.7
     Lair:1 |    3134 |     300 |   8.7 |      15 |       2 |  11.8
     Lair:2 |    2232 |     226 |   9.2 |       7 |       2 |  22.2
     Lair:3 |    7115 |    2437 |  25.5 |      20 |       6 |  23.1
     Lair:4 |    3676 |    4088 |  52.7 |      18 |       2 |  10.0
     Lair:5 |    3439 |       0 |   0.0 |      14 |       0 |   0.0
     Lair:6 |   13549 |   14291 |  51.3 |      53 |      25 |  32.1
    Swamp:1 |   11210 |       0 |   0.0 |      24 |       0 |   0.0
    Swamp:2 |    7641 |    1911 |  20.0 |      21 |       1 |   4.5
    Swamp:3 |    9416 |       0 |   0.0 |      25 |       0 |   0.0
    Swamp:4 |   19087 |   24537 |  56.2 |      39 |      31 |  44.3
    Snake:1 |   15534 |    7899 |  33.7 |      31 |      22 |  41.5
    Snake:2 |   22026 |       0 |   0.0 |      42 |       0 |   0.0
    Snake:3 |   16220 |    5034 |  23.7 |      29 |       1 |   3.3
    Snake:4 |   24095 |   49391 |  67.2 |      44 |      67 |  60.4
      Orc:1 |    1398 |       0 |   0.0 |      10 |       0 |   0.0
      Orc:2 |    3716 |   16740 |  81.8 |      34 |      61 |  64.2
      Elf:1 |    6059 |   16244 |  72.8 |       9 |      24 |  72.7
      Elf:2 |   27090 |   26105 |  49.1 |      46 |      31 |  40.3
      Elf:3 |   11254 |   23941 |  68.0 |      19 |      20 |  51.3
   Vaults:1 |   11086 |    5886 |  34.7 |      25 |       3 |  10.7
     Bailey |       0 |    3074 | 100.0 |       0 |      16 | 100.0
      IceCv |       0 |    2730 | 100.0 |       0 |      10 | 100.0
            +---------+---------+-------+---------+---------+-------
